 Dungeon Crawl Stone Soup version 0.27-a0-1220-g54dba09ff7 (webtiles) character file.

Game seed: 15300608761953220994

9305 nkenfl the Geomancer (level 11, -10/64 HPs)
             Began as a Gargoyle Earth Elementalist on June 7, 2021.
             Was a Priest of Vehumet.
             Shot with a bolt by a tengu warrior (17 damage)
             ... on level 9 of the Dungeon.
             The game lasted 00:20:43 (11083 turns).

nkenfl the Geomancer (Gargoyle Earth Elementalist) Turns: 11083, Time: 00:20:43

Health: -10/64     AC: 15    Str: 12    XL:     11   Next: 44%
Magic:  3/21       EV: 13    Int: 25    God:    Vehumet [***...]
Gold:   504        SH:  0    Dex: 10    Spells: 15/24 levels left

rFire    . . .     SeeInvis .   u - +7 falchion
rCold    . . .     Faith    .   (no shield)
rNeg     + . .     Spirit   .   m - +0 steam dragon scales
rPois    ∞         Reflect  .   (no helmet)
rElec    +         Harm     .   (no cloak)
rCorr    .         Rampage  .   l - +0 pair of gloves
Will     .....                  (no boots)
Stlth    ++........             d - amulet of magic regeneration
HPRegen  0.20/turn              y - +6 ring of intelligence
MPRegen  0.42/turn              (no ring)

@: no status effects
A: sickness immunity, AC +8, negative energy resistance 1, electricity
resistance, torment resistance 1, petrification resistance
a: Renounce Religion


You were on level 9 of the Dungeon.
You worshipped Vehumet.
Vehumet was most pleased with you.
You visited 2 branches of the dungeon, and saw 10 of its levels.

You collected 595 gold pieces.
You spent 91 gold pieces at shops.

Inventory:

Hand Weapons
 a - a +0 short sword
 g - a +0 flail
 i - a +0 short sword of flaming
 n - a +3 dagger
 s - a +1 rapier of speed
 t - a +2 dagger of venom
 u - a +7 falchion (weapon)
Missiles
 b - 166 stones
 j - 6 throwing nets
 o - 5 curare-tipped darts
 w - 6 boomerangs of dispersal
 x - 4 atropa-tipped darts
Armour
 l - a +0 pair of gloves (worn)
 m - +0 steam dragon scales (worn)
Jewellery
 d - an amulet of magic regeneration (around neck)
 f - an amulet of regeneration
 y - a +6 ring of intelligence (left hand)
Wands
 c - a wand of paralysis (4)
Scrolls
 h - a scroll of magic mapping
 k - 3 scrolls of identify
Potions
 e - 2 potions of attraction
 p - 2 potions of curing
 q - a potion of magic
 r - a potion of heal wounds
 v - 2 potions of flight
 z - 2 potions of lignification


   Skills:
 + Level 6.1 Fighting
 + Level 5.6 Maces & Flails
 - Level 6.0 Armour
 + Level 5.0 Dodging
 - Level 2.1 Stealth
 + Level 7.2 Spellcasting
 + Level 7.6 Conjurations
 - Level 0.7 Transmutations
 + Level 9.5 Earth Magic
 + Level 3.7 Evocations


You had 15 spell levels left.
You knew the following spells:

 Your Spells              Type           Power      Damage    Failure   Level
a - Sandblast             Erth           100%       2d20      1%          1
b - Stone Arrow           Conj/Erth      100%       3d13      1%          3
c - Lee's Rapid Deconstr  Erth           27%        3d15*     1%          5

Your spell library contained the following spells:

 Spells                   Type           Power      Damage    Failure   Level
 Inner Flame              Hex/Fire       9%         N/A       5%          3
 Passwall                 Tmut/Erth      28%        N/A       1%          2
 Petrify                  Tmut/Erth      34%        N/A       8%          4


Dungeon Overview and Level Annotations

Branches:
Dungeon (9/15)             Temple (1/1) D:5            Lair (0/6) D:9
    Orc (0/2) D:9

Altars:
Ashenzari
Cheibriados
Dithmenos
Elyvilon
Gozag
Kikubaaqudgha
Nemelex Xobeh
Okawaru
Qazlal
Sif Muna
Trog
Uskayaw
Vehumet
Wu Jian
Xom
Yredelemnul
Zin
The Shining One
Beogh

Shops:
D:4 *

Annotations:
D:8 2 transporters, 27snakeeyes612's ghost, novice MiFi


Innate Abilities, Weirdness & Mutations

You are immune to sickness and miasma.
Your stone body is resilient. (AC +8)
You are immune to poison.
You resist negative energy. (rN+)
You are resistant to electric shocks. (rElec)
You are resistant to unholy torment.
You are immune to petrification.


Message History

The stone arrow hits the tengu warrior!
The tengu warrior is heavily wounded.
The tengu warrior unwields a +1 war axe of flaming.
It stops flaming.
The tengu warrior wields a +0 arbalest.
The tengu warrior shoots a bolt.
The bolt hits you!
The tengu warrior hits you with a +0 long sword.
The tengu warrior pecks you. The tengu warrior barely misses you.
Casting: Stone Arrow (safe; 1% risk of failure)
Confirm with . or Enter, or press ? or * to list all spells.
Aiming: Stone Arrow (safe; 1% risk of failure)
Press: ? - help, Shift-Dir - straight line, f/p - tengu warrior
Aim: a tengu warrior, wielding a +0 long sword, wearing a +0 leather armour and wearing a +1 kite shield of reflection (heavily wounded, 61% to hit)
The stone arrow hits the tengu warrior!
The tengu warrior is severely wounded.
The tengu warrior shoots a bolt.
The bolt hits you!
* * * LOW HITPOINT WARNING * * *
The tengu warrior barely misses you. The tengu warrior misses you.
The tengu warrior claws you but does no damage.
Casting: Stone Arrow (safe; 1% risk of failure)
Confirm with . or Enter, or press ? or * to list all spells.
Aiming: Stone Arrow (safe; 1% risk of failure)
Press: ? - help, Shift-Dir - straight line, f/p - tengu warrior
Aim: a tengu warrior, wielding a +0 long sword, wearing a +0 leather armour and wearing a +1 kite shield of reflection (severely wounded, 61% to hit)
The stone arrow hits the tengu warrior!!
You kill the tengu warrior!
Vehumet accepts your kill.
The orc throws a stone.
The stone closely misses you.
The tengu warrior shoots a bolt.
The bolt hits you!
* * * LOW HITPOINT WARNING * * *
Your Dodging skill increases to level 5!
Casting: Stone Arrow (safe; 1% risk of failure)
Confirm with . or Enter, or press ? or * to list all spells.
Aiming: Stone Arrow (safe; 1% risk of failure)
Press: ? - help, Shift-Dir - straight line, f - tengu warrior
Aim: a tengu warrior, wielding a +0 arbalest, wearing a +0 leather armour and quivering bolts (58% to hit)
The stone arrow hits the tengu warrior!
The tengu warrior is lightly wounded.
The orc throws a stone.
The stone hits you but does no damage.
The tengu warrior shoots a bolt.
The bolt hits you!
You die...

#.. #.........### #...
#............
#...######............
###..................###
.....................###
................†....#..
###..................#..
#....o.).............#..
.....Q.@.##..........#..
.....######..........#..
.## #...........###
#..............
#.............. .
.#...........###
.##............#
##.#............
..#...........


You could see a tengu warrior and an orc.

Vanquished Creatures
  A hydra (D:9)
  2 two-headed ogres (D:9)
  A tengu warrior (D:9)
  Pikel (D:6)
  A cyclops (D:9)
  A hornet (D:8)
  3 yaks
  A basilisk (D:9)
  A vampire mosquito (D:9)
  3 steam dragons
  2 wyverns
  An acid dragon (D:9)
  8 water moccasins
  A sky beast (D:6)
  5 orc warriors
  A black bear (D:6)
  A necrophage (D:4)
  2 ogres
  A centaur (D:9)
  6 kobold brigands
  Blork the orc (D:6)
  2 scorpions
  3 wights (D:8)
  8 killer bees (D:9)
  2 oklob saplings (D:8)
  2 bullfrog zombies (D:6)
  A centaur zombie (D:7)
  7 hounds
  A jelly (D:6)
  9 orc priests
  2 centaur skeletons (D:7)
  Jessica (D:2)
  An iguana (D:5)
  11 orc wizards
  A hound skeleton (D:2)
  10 adders
  6 gnolls
  A howler monkey skeleton (D:6)
  2 white imps (D:5)
  An adder skeleton (D:4)
  2 worms (D:2)
  A dart slug (D:5)
  29 orcs
  9 endoplasms
  2 giant cockroaches
  9 goblins
  8 hobgoblins
  13 jackals
  4 quokkas (D:1)
  15 ball pythons
  8 bats
  11 frilled lizards
  26 kobolds
  7 rats
259 creatures vanquished.

Vanquished Creatures (others)
  6 fungi (D:9)
  19 plants
25 creatures vanquished.

Grand Total: 284 creatures vanquished

Notes
Turn   | Place    | Note
-------+----------+-------------------------------------------
     0 | D:1      | nkenfl the Gargoyle Earth Elementalist began the quest for
                  | the Orb.
     0 | D:1      | Reached XP level 1. HP: 10/10 MP: 3/3
   104 | D:1      | Reached XP level 2. HP: 15/15 MP: 5/5
   117 | D:1      | Reached skill level 4 in Earth Magic
   404 | D:1      | Reached XP level 3. HP: 14/19 MP: 6/6
   865 | D:1      | You fall into a shaft and drop 1 floor!
   870 | D:2      | Learned a level 3 spell: Stone Arrow
  2246 | D:2      | Noticed Jessica
  2249 | D:2      | Killed Jessica
  2250 | D:2      | Reached skill level 1 in Conjurations
  2250 | D:2      | Reached XP level 4. HP: 24/24 MP: 6/8
  2785 | D:2      | Reached skill level 5 in Earth Magic
  3202 | D:2      | Reached XP level 5. HP: 25/28 MP: 9/9
  3208 | D:2      | Learned a level 5 spell: Lee's Rapid Deconstruction
  3282 | D:2      | Found a faded altar of an unknown god.
  4182 | D:4      | Reached XP level 6. HP: 32/32 MP: 6/11
  4577 | D:4      | Found Otaxtepn's General Store.
  4581 | D:4      | Noticed a necrophage
  4890 | D:4      | Killed a necrophage
  4891 | D:4      | Reached skill level 6 in Earth Magic
  4966 | D:4      | Bought a scroll of identify for 26 gold pieces
  4966 | D:4      | Bought a potion of heal wounds for 65 gold pieces
  5135 | D:4      | Reached XP level 7. HP: 28/36 MP: 9/13
  5284 | D:5      | Entered Level 5 of the Dungeon
  5598 | D:5      | Found a shadowy altar of Dithmenos.
  5598 | D:5      | Found a glowing golden altar of the Shining One.
  5598 | D:5      | Found a hide-covered altar of Uskayaw.
  5602 | D:5      | Found a bloodstained altar of Trog.
  5603 | D:5      | Found a white marble altar of Elyvilon.
  5757 | D:5      | Found a staircase to the Ecumenical Temple.
  5769 | Temple   | Entered the Ecumenical Temple
  5821 | Temple   | Became a worshipper of Vehumet
  6253 | D:6      | Reached skill level 1 in Fighting
  6253 | D:6      | Reached skill level 1 in Armour
  6303 | D:6      | Reached skill level 1 in Maces & Flails
  6303 | D:6      | Reached XP level 8. HP: 43/43 MP: 8/15
  6426 | D:6      | Reached skill level 7 in Earth Magic
  6524 | D:6      | Noticed Pikel
  6528 | D:6      | Paralysed by Pikel for 3 turns
  6547 | D:6      | Paralysed by Pikel for 6 turns
  6558 | D:6      | Paralysed by Pikel for 4 turns
  6599 | D:6      | Killed Pikel
  6600 | D:6      | Reached skill level 5 in Spellcasting
  6600 | D:6      | Reached skill level 5 in Conjurations
  6809 | D:6      | Noticed Blork the orc
  6815 | D:6      | Killed Blork the orc
  6925 | D:6      | Reached XP level 9. HP: 50/50 MP: 5/17
  7504 | D:7      | Reached * piety under Vehumet
  7504 | D:7      | Offered knowledge of Magic Dart by Vehumet.
  8299 | D:8      | Reached skill level 8 in Earth Magic
  8675 | D:8      | Reached skill level 1 in Evocations
  8688 | D:8      | Reached ** piety under Vehumet
  8688 | D:8      | Noticed a queen bee
  8710 | D:8      | Noticed 27snakeeyes612's ghost (novice MiFi)
  8781 | D:8      | Found a transporter.
  8786 | D:8      | Found a transporter.
  8806 | D:8      | Offered knowledge of Poisonous Vapours by Vehumet.
  9265 | D:8      | Noticed a hornet
  9270 | D:8      | Killed a hornet
  9271 | D:8      | Reached XP level 10. HP: 56/58 MP: 10/19
  9977 | D:9      | Found a staircase to the Lair.
  9987 | D:9      | Reached skill level 5 in Armour
 10035 | D:9      | Reached skill level 5 in Fighting
 10037 | D:9      | Noticed a two-headed ogre
 10050 | D:9      | Killed a two-headed ogre
 10072 | D:9      | Noticed a two-headed ogre
 10096 | D:9      | Reached skill level 9 in Earth Magic
 10283 | D:9      | Offered knowledge of Searing Ray by Vehumet.
 10285 | D:9      | Noticed an eight-headed hydra
 10344 | D:9      | Killed an eight-headed hydra
 10345 | D:9      | Reached skill level 5 in Maces & Flails
 10345 | D:9      | Reached XP level 11. HP: 50/64 MP: 4/21
 10395 | D:9      | Noticed a cyclops
 10401 | D:9      | Killed a cyclops
 10406 | D:9      | Killed a two-headed ogre
 10590 | D:9      | Reached *** piety under Vehumet
 10972 | D:9      | Found a staircase to the Orcish Mines.
 11018 | D:9      | Offered knowledge of Inner Flame by Vehumet.
 11073 | D:9      | Noticed a tengu warrior
 11074 | D:9      | Noticed a tengu warrior
 11082 | D:9      | Killed a tengu warrior
 11083 | D:9      | Reached skill level 5 in Dodging
 11083 | D:9      | Shot with a bolt by a tengu warrior

Illustrated notes

Levels and vault maps discovered:
D:1:      minmay_arrival_plants_in_alcoves, layout_loops_ring,
          minmay_nonomino_d4
D:2:      layout_loops_cross, shapermc_ecumenical_altar_mp_vishouse,
          kennysheep_generic_room_16, uniq_jessica
D:3:      layout_basic, lemuel_another_geyser
D:4:      layout_gridville, serial_shops, shop, chequers_serial_rivers_micro_a,
          lexackson_kobold_supper
D:5:      layout_layer_cave, minitemple, minmay_temple_entry_tees,
          minmay_misc_feat_enclosed
D:6:      layout_loops_ring, amethyst_killhole, uniq_pikel, uniq_blork_the_orc
D:7:      layout_rooms, small_statue_intersection
D:8:      layout_rooms, gammafunk_ghost_hive, introduction_to_nature_2
D:9:      minmay_ornate_pinched, layout_small_grid, minmay_lair_entry_grove,
          minmay_orc_entry_temple_small, serial_shops, shop
Temple:   cyrus_circular_temple

Skill      XL: |  1  2  3  4  5  6  7  8  9 10 11 |
---------------+----------------------------------+-----
Earth Magic    | 4 5 6 7 8 9 |  9.5
Spellcasting   | 3 4 5 6 7 |  7.2
Conjurations   | 1 2 3 4 5 6 7 |  7.6
Fighting       | 1 3 4 5 6 |  6.1
Armour         | 1 3 4 5 6 |  6.0
Maces & Flails | 1 2 3 5 |  5.6
Dodging        | 2 3 4 5 |  5.0
Evocations     | 1 3 |  3.7
Stealth        | |  2.1
Transmutations | |  0.7

Action                   |  1- 3 |  4- 6 |  7- 9 | 10-12 || total
-------------------------+-------+-------+-------+-------++-------
Melee: Short sword       |   171 |   162 |    57 |       ||   390
       Falchion          |       |       |    80 |    82 ||   162
       Dagger            |       |       |    31 |       ||    31
       Rapier            |       |       |    11 |       ||    11
 Cast: Sandblast         |    19 |    50 |    28 |    18 ||   115
       Stone Arrow       |       |       |    80 |    64 ||   144
       Lee's Rapid Decon |       |       |       |     6 ||     6
Evoke: Wand              |       |       |     4 |     1 ||     5
  Use: Scroll            |       |     4 |     6 |     2 ||    12
       Potion            |       |       |     2 |     3 ||     5
 Stab: Sleeping          |     2 |     4 |     1 |       ||     7
Armor: Robe              |    56 |    84 |    39 |       ||   179
       Steam dragon scal |       |       |    80 |    85 ||   165
Dodge: Dodged            |   123 |   124 |   147 |    92 ||   486
       Rpst.: Falchion   |       |       |    20 |    28 ||    48

Table legend: (Time is in decaauts)
 A = Elapsed time spent in this place.
 B = Non-inter-level travel time spent in this place.
 C = Inter-level travel time spent in this place.
 D = Time resting spent in this place.
 E = Time spent auto-exploring this place.
 F = Levels seen in this place.
 G = Mean time per level.
                   A        B        C        D        E       F      G
               +--------+--------+--------+--------+--------+-----+--------+
         Total |  11181 |  11016 |    165 |   1442 |   7567 |  10 | 1118.1 |
       Dungeon |  11118 |  10964 |    154 |   1442 |   7521 |   9 | 1235.3 |
        Temple |     63 |     52 |     11 |      0 |     46 |   1 |   63.0 |
               +--------+--------+--------+--------+--------+-----+--------+

Top non-repeatable levels by time:
     D:1: 2188 daAuts
     D:8: 1711 daAuts
     D:6: 1229 daAuts
     D:2: 1209 daAuts
     D:9: 1171 daAuts
     D:3: 1039 daAuts
     D:5: 887 daAuts
     D:4: 883 daAuts
     D:7: 796 daAuts
  Temple: 63 daAuts
